 Dungeon Crawl Stone Soup version 0.20-a0-1039-gf554463 (console) character file.

17 r4s the Scratcher (level 2, 0/14 HPs)
             Began as a Felid Chaos Knight on Apr 22, 2017.
             Slain by a jackal (2 damage)
             ... on level 2 of the Dungeon.
             The game lasted 00:02:51 (457 turns).

r4s the Scratcher (Felid Chaos Knight)               Turns: 457, Time: 00:02:52

Health: 0/14       AC:  1    Str:  8    XL:     2   Next: 44%
Magic:  3/3        EV: 18    Int: 13    God:    Xom [..*...]
Gold:   42         SH:  0    Dex: 15    Spells: 1/1 levels left
                                        Lives:  0   Deaths: 0

rFire    + . .     SeeInvis +     - Unarmed
rCold    + . .     Gourm    .   (shield unavailable)
rNeg     . . .     Faith    .   (armour unavailable)
rPois    +         Spirit   .   (helmet unavailable)
rElec    +         Reflect  .   (cloak unavailable)
rCorr    +         Harm     .   (gloves unavailable)
MR       .....                  (boots unavailable)
Stlth    ++........             (no amulet)
Regen    0.1/turn               (no ring)
MPRegen  0.1/turn               (no ring)

@: about to teleport, resistant, quick
A: no armour, no weapons or thrown items, stealth, claws 1, fangs 3, see
invisible, carnivore 3, speed 1, shaggy fur 1, slow metabolism 1, sharp paws
a: Renounce Religion


You were on level 2 of the Dungeon.
You worshipped Xom.
You were a toy of Xom.
You were completely stuffed.

You visited 1 branch of the dungeon, and saw 2 of its levels.

You collected 42 gold pieces.

Inventory:

Jewellery
 d - an uncursed ring of flight {unknown}
Potions
 b - a potion of magic {unknown}
Comestibles
 a - a meat ration


   Skills:
 + Level 3.2 Fighting
 * Level 3.5 Dodging
 + Level 3.5 Unarmed Combat


You had one spell level left.
You didn't know any spells.

Dungeon Overview and Level Annotations

Branches:
Dungeon (1/15)

Altars:
Nemelex Xobeh

Annotations:
D:2 Jessica


Innate Abilities, Weirdness & Mutations

You cannot wear armour.
You are incapable of wielding weapons or throwing items.
Your paws allow you to move quietly. (Stealth)
You have sharp claws.
You have razor-sharp teeth.
You have supernaturally acute eyesight. (SInv)
You are carnivorous and can eat meat at any time.
You cover ground quickly.
You are covered in fur. (AC +1)
You have a slow metabolism.
Your sharp claws are effective at attacking unaware monsters.


Message History

The jackal bites you.
* * * LOW HITPOINT WARNING * * *
It was a potion of resistance.
You feel protected.
Xom is highly amused!
The leopard gecko barely misses your butterfly.
The hobgoblin barely misses you.
Xom's power touches on a nearby monster.
The goblin suddenly stops moving!
Press: ? - help, v - describe, . - travel, g - get item
Here: a hobgoblin (almost dead)
A scroll labeled IFOOTHRO GEMAL.
The floor.
Press: ? - help, v - describe, . - travel The floor.
As you read the scroll labeled JOSOBI VUANEC, it crumbles to dust.
You feel strangely unstable.
It was a scroll of teleportation.
The jackal closely misses you. The jackal bites you.
You die...
Xom chuckles heartily!

#............# #...)
#....###.@...#####....
+....+ +..............
#....# #..............
#....# #............##
#..@.##.............#
#....##...###....รท..#
#b.hg##(.. #.#.....##
#.lh@##... #.#.###...
........### #.#.###...
#...b...# #.#..##...
#..g../.# #.##.##...
#....#### #.##.##...
..... #......... .....
#....##... ....
#....#.....#...
#....#####.#.##


You could see Jessica, a leopard gecko, 2 jackals, a hobgoblin and a goblin
(paralysed).

Vanquished Creatures
  2 dart slugs
  2 bats
  A goblin (D:1)
  3 hobgoblins
  A frilled lizard (D:2)
  3 kobolds
  A rat (D:1)
13 creatures vanquished.

Notes
Turn   | Place    | Note
-------+----------+-------------------------------------------
     0 | D:1      | r4s the Felid Chaos Knight began the quest for the Orb.
     0 | D:1      | Reached XP level 1. HP: 10/10 MP: 2/2
    96 | D:1      | Found a sparkling altar of Nemelex Xobeh.
   133 | D:1      | Reached XP level 2. HP: 14/14 MP: 3/3
   142 | D:1      | XOM: potion effect (agility)
   156 | D:1      | You fall through a shaft!
   183 | D:2      | XOM: smoke on damage
   316 | D:2      | XOM: silly message
   435 | D:2      | Noticed Jessica
   449 | D:2      | XOM: harmless Erth miscast
   450 | D:2      | XOM: butterfly on damage
   456 | D:2      | XOM: enchant monster (good)
   457 | D:2      | Slain by a jackal

Vault maps used:
D:1:      evilmike_arrival_home_sweet_home, nemelex_altar_shiori
D:2:      uniq_jessica

Action                   || total
-------------------------++-------
Melee: Unarmed           ||    41
       Bite              ||     3
  Use: Scroll            ||     2
       Potion            ||     1
 Stab: Sleeping          ||     1
  Eat: Chunk             ||     6
Armor: Skin              ||     1
Dodge: Dodged            ||    38
